 Dungeon Crawl Stone Soup version 0.18-a0-60-g15541d7 (webtiles) character file.

38 Duffy the Cudgeler (level 3, 0/19 HPs)
             Began as a Vine Stalker Fighter on Nov 9, 2015.
             Slain by an iron imp (2 damage)
             ... summoned by Natasha
             ... on level 2 of the Dungeon.
             The game lasted 00:00:24 (152 turns).

Duffy the Cudgeler (Vine Stalker Fighter)            Turns: 152, Time: 00:00:25

Health: 0/19       AC:  6    Str: 19    XL:     3   Next: 43%
Magic:  0/4        EV: 10    Int:  8    God:
Gold:   19         SH:  9    Dex: 13    Spells: 0 memorised, 2 levels left

rFire  . . .     SeeInvis .     a - +0 flail
rCold  . . .     Clarity  .     b - +0 scale mail
rNeg   . . .     SustAt   .     c - +0 shield
rPois  .         Gourm    .     (no helmet)
rElec  .         Spirit   +     (no cloak)
rCorr  .         Warding  .     (no gloves)
rMut   .         Stasis   .     (no boots)
MR     .....                    (no amulet)
Stlth  ..........               (no ring)
                                f - +3 ring of evasion

@: slowed, very slow, not resistant to hostile enchantments, extremely
unstealthy
A: fangs 2, regeneration 1, magic shield, antimagic bite, no device heal 3, rot
immunity
a: no special abilities


You were on level 2 of the Dungeon.
You were not hungry.

You visited 1 branch of the dungeon, and saw 2 of its levels.

You collected 19 gold pieces.


Innate Abilities, Weirdness & Mutations

You have extremely sharp teeth.
Your natural rate of healing is unusually fast.
When hurt, damage is shared between your health and your magic reserves.
Your bite disrupts and absorbs the magic of your enemies.
Potions and wands cannot restore your health.
You are immune to rotting.


   Skills:
 - Level 2.6 Fighting
 + Level 3.3 Maces & Flails
 - Level 2.4 Armour
 - Level 2.6 Shields


You had 2 spell levels left.
You didn't know any spells.

Inventory:

Hand Weapons
 a - a +0 flail (weapon)
Armour
 b - a +0 scale mail (worn)
 c - a +0 shield (worn)
Jewellery
 f - a +3 ring of evasion (left hand)
Potions
 d - a potion of might
Books
 g - a book of Air
Comestibles
 e - a bread ration

Dungeon Overview and Level Annotations

Branches:
Dungeon (2/15)

Altars:

Annotations:
D:2 Natasha


Message History

You block Natasha's attack.
The giant cockroach bites you but does no damage.
The giant newt bites you but does no damage.
The rat bites you but does no damage.
You closely miss Natasha. You bite Natasha.
Natasha's magic leaks into the air.
You drain her magic.
You feel invigorated.
Natasha is lightly wounded.
The giant cockroach bites you but does no damage.
Natasha mumbles some strange words.
The giant newt bites you but does no damage.
The giant cockroach bites you but does no damage.
The rat closely misses you. Natasha claws you but does no damage.
The giant newt completely misses you. You block the giant cockroach's attack.
The rat bites you but does no damage. You block Natasha's attack.
You sock Natasha! You bite Natasha, but do no damage.
Natasha is almost dead.
You block the giant cockroach's attack.
The giant newt bites you but does no damage.
The rat completely misses you. Natasha claws you.
You block the giant cockroach's attack. The giant newt bites you.
The rat bites you but does no damage. Natasha claws you.
You completely miss Natasha. You bite Natasha, but do no damage.
Natasha is almost dead.
The giant cockroach closely misses you. You block the giant newt's attack.
The giant cockroach barely misses you. The rat barely misses you.
You block Natasha's attack. The giant newt barely misses you.
The giant cockroach misses you. You block the rat's attack.
The iron imp hits you! You block Natasha's attack.
Your shield and scale mail prevent you from hitting Natasha.
Natasha is almost dead.
The giant cockroach bites you but does no damage.
The giant newt completely misses you. The rat barely misses you.
You block Natasha's attack. You block the giant cockroach's attack.
The iron imp hits you.
You die...

.......#.....#
......####..##
...... #...#
......###..#####
........?......#
...............#
%#.....##......#
.......5l....#
.......h@....#
##.....rs....#
#......?.......
.............###
.#......#..###
.#....###.#
...$.. .# ......
.#


You could see an iron imp, Natasha, a giant cockroach, a giant newt and a rat.

Action                   || total
-------------------------++-------
Melee: Flail             ||    39

Notes
Turn   | Place    | Note
--------------------------------------------------------------
     0 | D:1      | Duffy the Vine Stalker Fighter began the quest for the Orb.
     0 | D:1      | Reached XP level 1. HP: 11/11 MP: 2/2
    39 | D:1      | Reached skill level 2 in Maces & Flails
   101 | D:1      | Reached XP level 2. HP: 16/16 MP: 3/3
   137 | D:2      | Noticed Jessica
   138 | D:2      | Noticed Natasha
   144 | D:2      | Killed Jessica
   144 | D:2      | Reached skill level 3 in Maces & Flails
   144 | D:2      | Reached XP level 3. HP: 19/19 MP: 4/4
   152 | D:2      | Slain by an iron imp

Vault maps used:
D:1:      lightli_arrival_chessboard, dk_noncrumbling_2
D:2:      grunt_qazlal_clouds, ashenzari_altar_1,
          lemuel_zombie_altar_yredelemnul, nicolae_ru_awakened_eye,
          uniq_jessica, uniq_iyjb, uniq_natasha

Vanquished Creatures
  Jessica
  2 giant cockroaches
  2 goblins
  A hobgoblin
  2 kobolds
  A quokka
  A bat
  2 giant newts
12 creatures vanquished.
